 Dungeon Crawl Stone Soup version 0.26-a0-610-g3e9335bbc7 (webtiles) character file.

Game seed: 16754071726706468245

34834 Hastur the Spear-Bearer (level 13, -20/96 HPs)
             Began as a Merfolk Summoner on Sept 3, 2020.
             Was a High Priest of Sif Muna.
             Killed from afar by a fire dragon (51 damage)
             ... with a blast of flame
             ... on level 6 of the Lair of Beasts.
             The game lasted 01:29:44 (31346 turns).

Hastur the Spear-Bearer (Merfolk Summoner)         Turns: 31346, Time: 01:29:45

Health: -20/96     AC: 10    Str: 11    XL:     13   Next: 80%
Magic:  4/26       EV: 19    Int: 16    God:    Sif Muna [*****.]
Gold:   1167       SH:  0    Dex: 15    Spells: 21/30 levels left

rFire    x . .     SeeInvis .   S - +1 trident
rCold    + . .     Faith    .   (no shield)
rNeg     . . .     Spirit   .   M - +0 steam dragon scales
rPois    .         Reflect  .   N - +0 helmet
rElec    .         Harm     .   J - +0 cloak
rCorr    .                      U - +1 pair of gloves
MR       .....                  o - +0 pair of boots
Stlth    ++........             e - amulet of magic regeneration
HPRegen  0.26/turn              y - +4 ring of slaying
MPRegen  0.45/turn              k - ring of ice

@: no status effects
A: change form in water, swift swim, stealthy swim
a: Channel Magic, Forget Spell, Divine Exegesis, Renounce Religion


You were on level 6 of the Lair of Beasts.
You worshipped Sif Muna.
Sif Muna was extremely pleased with you.
You visited 3 branches of the dungeon, and saw 18 of its levels.
You also visited: Ossuary.

You collected 1266 gold pieces.
You spent 99 gold pieces at shops.

Inventory:

Hand Weapons
 a - a +0 halberd
   (You took it off a gnoll on level 2 of the Dungeon)
 b - the +8 hunting sling of the Shrike {freeze, rPois Str+4}
   (You found it on level 5 of the Dungeon)

   It causes projectiles fired from it to freeze those they strike, causing
   extra injury to most foes and up to half again as much damage against
   particularly susceptible opponents.
   They can also slow down cold-blooded creatures.
   It affects your strength (+4).
   It protects you from poison.
 h - a +0 whip
   (You took it off a kobold on level 1 of the Dungeon)
 S - a +1 trident (weapon)
   (You took it off an orc on level 3 of the Dungeon)
Missiles
 g - 16 javelins
 i - 365 stones (quivered)
 n - a throwing net {!f}
 W - 3 curare-tipped darts {!f}
Armour
 o - a +0 pair of boots (worn)
   (You found it on level 2 of the Dungeon)
 D - a +0 tower shield
   (You found it on level 4 of the Dungeon)
 I - the +1 ring mail of the Vanishing Brambles {*Drain rPois rC+}
   (You found it on level 8 of the Dungeon)

   It protects you from cold.
   It protects you from poison.
   It causes draining when unequipped.
 J - a +0 cloak (worn)
   (You found it on level 2 of the Lair of Beasts)
 M - +0 steam dragon scales (worn)
   (You took it off Maggie on level 10 of the Dungeon)
 N - a +0 helmet (worn)
   (You found it on level 9 of the Dungeon)
 O - a +0 robe of cold resistance
   (You took it off Pikel on level 8 of the Dungeon)
 T - a +0 buckler
   (You found it on level 11 of the Dungeon)
 U - a +1 pair of gloves (worn)
   (You found it on level 1 of the Lair of Beasts)
 X - a scarf of shadows
   (You found it on level 3 of the Lair of Beasts)
Jewellery
 e - an amulet of magic regeneration (around neck)
   (You found it on level 2 of the Dungeon)
 k - a ring of ice (right hand)
   (You found it on level 2 of the Dungeon)
 y - a +4 ring of slaying (left hand)
   (You took it off an orc on level 6 of the Dungeon)
 H - an uncursed ring of stealth
   (You found it on level 8 of the Dungeon)
 Z - a cursed amulet of inaccuracy {unknown}
   (You found it on level 6 of the Lair of Beasts)
Wands
 c - a wand of disintegration (22)
   (You took it off an orc wizard on level 7 of the Dungeon)
 d - a wand of iceblast (24)
   (You took it off Ijyb on level 5 of the Dungeon)
 t - a wand of flame (14)
   (You found it on level 11 of the Dungeon)
 u - a wand of paralysis (17)
   (You found it on level 8 of the Dungeon)
 V - a wand of enslavement (8)
   (You found it on level 1 of the Lair of Beasts)
Scrolls
 j - 4 scrolls of teleportation {@r4}
 l - 8 scrolls of magic mapping
 p - a scroll of noise {!r}
 r - 2 scrolls of amnesia
 v - 3 scrolls of fear
 x - 6 scrolls of remove curse {@r2}
 E - 3 scrolls of enchant weapon
 F - 3 scrolls of enchant armour
 G - 4 scrolls of fog
 L - 4 scrolls of vulnerability {!r}
 R - a scroll of immolation {!r}
 Y - a scroll of identify {@r1}
Potions
 f - 8 potions of lignification {!q}
 m - 4 potions of heal wounds {@q2}
 q - 4 potions of brilliance
 s - 10 potions of curing {@q1}
 w - 2 potions of berserk rage
 z - 4 potions of stabbing
 A - 2 potions of ambrosia
 B - a potion of resistance
 C - 4 potions of might
 K - a potion of haste {@q3}
 P - a potion of magic
 Q - a potion of mutation {!q}


   Skills:
 + Level 7.1 Fighting
 - Level 14.0 Polearms
 + Level 10.0 Dodging
 - Level 2.1 Stealth
 * Level 2.8 Shields
 - Level 9.0 Spellcasting
 - Level 10.0 Summonings
 - Level 8.0 Ice Magic
 + Level 11.7 Invocations


You had 21 spell levels left.
You knew the following spells:

 Your Spells              Type           Power        Failure   Level
a - Summon Ice Beast      Ice/Summ       ######..     2%          4
c - Call Canine Familiar  Summ           #####...     1%          3
x - Call Imp              Summ           #####...     1%          2

Your spell library contained the following spells:

 Spells                   Type           Power        Failure   Level
 Summon Small Mammal      Summ           ####         1%          1
 Summon Guardian Golem    Hex/Summ       ###.....     3%          3
 Magic Dart               Conj           #...         10%         1
 Pain                     Necr           #...         10%         1
 Summon Lightning Spire   Summ/Air       ###.....     13%         4
 Searing Ray              Conj           #.....       16%         2
 Confusing Touch          Hex            #.......     30%         3
 Dazzling Flash           Conj/Hex       #.....       30%         3
 Gell's Gravitas          Tloc           #.........   30%         3
 Metabolic Englaciation   Hex/Ice        ####......   47%         5
 Fulminant Prism          Conj/Hex       #.........   69%         4
 Iskenderun's Mystic Bla  Conj/Tloc      #.......     69%         4
 Petrify                  Tmut/Erth      #.......     69%         4
 Yara's Violent Unravell  Hex/Tmut       #.........   95%         5
 Simulacrum               Ice/Necr       ####......   96%         6
 Death Channel            Necr           #.........   100%        6
 Necromutation            Tmut/Necr      #.........   100%        8


Dungeon Overview and Level Annotations

Branches:
Dungeon (11/15)            Temple (1/1) D:4            Lair (6/6) D:10
  Swamp (0/4) Lair:4       Spider (0/4) Lair:2        Slime (0/5) Lair:5
    Orc (0/2) D:10        Ossuary (visited)

Altars:
Ashenzari
Cheibriados
Dithmenos
Elyvilon
Fedhas
Gozag
Hepliaklqana
Kikubaaqudgha
Makhleb
Nemelex Xobeh
Okawaru
Qazlal
Ru
Sif Muna
Trog
Uskayaw
Vehumet
Wu Jian
Xom
Yredelemnul
Zin
The Shining One

Shops:
D:5 (   D:6 ?

Annotations:
D:4 2 runed translucent doors, rasy's ghost, amateur MiFi
D:11 2 transporters, hemabe71's ghost, journeyman HuAr


Message History

The fire dragon bites your ice beast but does no damage.
The fire dragon claws your ice beast.
The fire dragon barely misses your ice beast.
Your ice beast hits the fire dragon but does no damage.
You could not reach far enough!
The fire dragon closely misses your ice beast.
The fire dragon barely misses your ice beast.
The fire dragon tramples your ice beast.
Your ice beast holds its ground!
You feel a surge of power! A chill wind blows around you.
Your ice beast hits the fire dragon but does no damage. x3
The fire dragon bites your ice beast! The fire dragon claws your ice beast!
The fire dragon tramples your ice beast!
Your ice beast holds its ground!
Your ice beast dies!
You feel a surge of power! A chill wind blows around you.
Your ice beast barely misses the fire dragon.
Your ice beast hits the fire dragon.
Your ice beast freezes the fire dragon!!
The fire dragon is frozen!
The fire dragon breathes flames at you. The blast of flame hits you!!!
The fire burns you terribly!
Ouch! That really hurt!
* * * LOW HITPOINT WARNING * * *
You swap places.
Your ice beast disappears in a puff of smoke!
Your ice beast hits the fire dragon but does no damage.
The fire dragon bites your ice beast! The fire dragon claws your ice beast.
The fire dragon tramples your ice beast!
Your ice beast holds its ground!
You feel a surge of power! A chill wind blows around you.
Your ice beast disappears in a puff of smoke!
The fire dragon bites your ice beast!
The fire dragon barely misses your ice beast.
The fire dragon tramples your ice beast.
Your ice beast holds its ground!
Your ice beast completely misses the fire dragon.
The fire dragon bites your ice beast.
The fire dragon claws your ice beast but does no damage.
The fire dragon tramples your ice beast.
Your ice beast stumbles backwards!
Your ice beast hits the fire dragon but does no damage. x2
Your ice beast disappears in a puff of smoke!
Your ice beast hits the fire dragon.
Your ice beast freezes the fire dragon!!
The fire dragon is frozen!
The fire dragon breathes flames at you. The blast of flame hits you!!!
The fire burns you terribly!
Ouch! That really hurt!
You die...

####.....§..≈§#......#≈#......#8#
........##§≈≈.#......#§≈#......#
#.........#§≈§##....##≈≈##.##8#8#
###.........≈§.##Y'##§≈≈≈########
####......#§§.§YD≈≈#≈
##...†..≈.§§.§§≈##
#8#8..#..###§.§..###
#####8##..#........##
###≈≈.#@........## #
#§§#...........8# #
#≈§§##.........### ≈## ##
#≈≈≈##8.........8# §≈§≈# .####
#≈#≈ ##........###§≈≈# .##.#
≈≈≈#§ #8#8#.......≈≈# ..P.## #≈
#§ ######..§.≈≈≈8# # ...P.##
##§§§≈≈### ### ....P.###
≈≈≈§≈≈### ####..


You could see a fire dragon (catching breath) and 2 friendly ice beasts.

Vanquished Creatures
  Fannar (D:11)
  A hydra (Lair:5)
  2 two-headed ogres (D:11)
  4 death yaks
  2 oklob plants (Lair:4)
  A molten gargoyle (Lair:6)
  2 black mambas (Lair:1)
  A torpor snail (Lair:6)
  6 cane toads
  Maggie (D:10)
  2 komodo dragons
  A rime drake (Lair:4)
  14 blink frogs
  2 hippogriffs
  A wyvern (Lair:6)
  11 yaks
  3 wraiths
  A basilisk (Lair:6)
  Grum (D:8)
  Menkaure (D:5)
  4 nameless horrors
  A water moccasin (Lair:1)
  A hell hound (Lair:6)
  3 porcupines
  2 sky beasts
  An ice beast (D:6)
  2 black bears
  4 ogres
  3 wolves (D:8)
  3 centaurs
  6 crocodiles
  A lemure (D:8)
  9 bullfrogs
  Blork the orc (D:5)
  2 water moccasin zombies (Ossuary)
  A wyvern skeleton (D:9)
  3 scorpions
  8 killer bees
  2 wights (D:6)
  4 hounds
  4 jellies
  An orc priest (D:8)
  A centaur skeleton (D:4)
  2 orc wizards
  4 iguanas
  4 worker ants
  5 hell rats
  A big kobold zombie (Ossuary)
  2 hound skeletons (D:4)
  A mummy (Ossuary)
  A worker ant zombie (D:6)
  3 adders
  A gnoll (D:9)
  3 river rats (Lair:5)
  3 white imps
  An ooze (Lair:5)
  6 adder zombies
  2 adder skeletons (D:6)
  2 worms
  2 leopard geckos
  18 orcs
  3 bats
  A giant cockroach (D:5)
  5 goblins
  6 hobgoblins
  12 jackals
  4 kobolds (D:3)
  5 quokkas
  3 ball pythons
  6 frilled lizards
  2 gnoll zombies (Ossuary)
  2 hobgoblin zombies (Ossuary)
  A kobold zombie (Ossuary)
  2 leopard gecko skeletons
  A leopard gecko zombie (D:6)
  6 orc zombies (Ossuary)
  A quokka skeleton (D:8)
  5 rats
251 creatures vanquished.

Vanquished Creatures (collateral kills)
  Josephine (D:10)
  6 hydras
  5 death yaks
  An unseen horror (D:6)
  A lindwurm (Lair:6)
  Pikel (D:8)
  An orb spider (Lair:2)
  2 oklob plants (Lair:4)
  5 black mambas
  2 molten gargoyles (Lair:6)
  6 cane toads
  3 komodo dragons
  2 trolls
  A tyrant leech (Lair:4)
  Grinder (D:4)
  Prince Ribbit (D:9)
  18 blink frogs
  A hornet (D:11)
  6 hippogriffs
  Sigmund (D:5)
  19 yaks
  2 wraiths
  4 wyverns
  8 basilisks
  A steam dragon (Lair:6)
  7 water moccasins
  A soldier ant (D:10)
  2 swamp worms (Lair:4)
  2 hell hounds (Lair:6)
  2 porcupines (Lair:1)
  2 orc warriors
  2 ice beasts
  A black bear (D:8)
  A phantom (D:11)
  2 ogres
  3 sky beasts
  5 centaurs
  A necrophage (D:11)
  A wolf (D:8)
  3 lemures (D:8)
  4 crocodiles
  10 bullfrogs
  3 scorpions
  3 water moccasin zombies (Ossuary)
  9 killer bees
  A wight (D:6)
  2 electric eels (Lair:1)
  2 jellies
  A howler monkey (D:6)
  4 lava snakes (Lair:6)
  A bullfrog zombie (D:5)
  A centaur zombie (D:6)
  A quasit (D:10)
  A bullfrog skeleton (D:6)
  2 hounds
  5 orc wizards
  An orc priest (D:8)
  Ijyb (D:5)
  An iguana (D:10)
  3 hell rats (Lair:6)
  3 worker ants
  3 nameless horrors
  A big kobold zombie (Ossuary)
  A hound zombie (D:5)
  2 hound skeletons
  A mummy (Ossuary)
  6 gnolls
  14 adders
  3 river rats (Lair:5)
  An ufetubus (D:8)
  3 oozes
  A worm (D:2)
  2 dart slugs
  2 leopard geckos
  15 orcs
  A giant cockroach (D:1)
  3 gnoll zombies (Ossuary)
  3 goblins
  2 hobgoblins
  6 jackals
  6 bats
  2 frilled lizards
  A hobgoblin zombie (Ossuary)
  5 kobolds
  4 orc zombies (Ossuary)
  4 rats
285 creatures vanquished.

Vanquished Creatures (others)
  21 fungi
  73 plants
94 creatures vanquished.

Grand Total: 630 creatures vanquished

Notes
Turn   | Place    | Note
-------+----------+-------------------------------------------
     0 | D:1      | Hastur the Merfolk Summoner began the quest for the Orb.
     0 | D:1      | Reached XP level 1. HP: 13/13 MP: 3/3
   473 | D:1      | Reached XP level 2. HP: 16/20 MP: 0/5
  1084 | D:1      | Reached skill level 1 in Fighting
  1365 | D:1      | Reached XP level 3. HP: 20/26 MP: 3/6
  1639 | D:1      | Learned a level 2 spell: Call Imp
  2064 | D:2      | Reached XP level 4. HP: 32/32 MP: 4/7
  3541 | D:2      | Learned a level 3 spell: Call Canine Familiar
  4370 | D:3      | Reached XP level 5. HP: 38/38 MP: 9/9
  4666 | D:3      | Reached skill level 1 in Polearms
  5461 | D:4      | Reached XP level 6. HP: 35/46 MP: 7/10
  5658 | D:4      | Reached skill level 2 in Polearms
  5665 | D:4      | Found a runed translucent gate.
  5667 | D:4      | Found a runed translucent gate.
  5782 | D:4      | Found a runed translucent gate.
  5857 | D:4      | Noticed Grinder
  5869 | D:4      | Killed Grinder
  5869 | D:4      | Reached skill level 3 in Polearms
  5869 | D:4      | Reached skill level 5 in Dodging
  5869 | D:4      | Reached skill level 5 in Summonings
  5869 | D:4      | Reached XP level 7. HP: 46/52 MP: 8/12
  5878 | D:4      | Found a sand-covered staircase.
  5883 | Ossuary  | Entered an ossuary
  6369 | Ossuary  | Reached skill level 4 in Polearms
  6814 | D:4      | Noticed rasy's ghost (amateur MiFi)
  7043 | D:4      | Found a staircase to the Ecumenical Temple.
  7049 | Temple   | Entered the Ecumenical Temple
  7165 | Temple   | Became a worshipper of Sif Muna the Loreminder
  7295 | D:5      | Entered Level 5 of the Dungeon
  7317 | D:5      | Reached XP level 8. HP: 44/60 MP: 14/14
  7451 | D:5      | Noticed Sigmund
  7459 | D:5      | Killed Sigmund
  7459 | D:5      | Reached skill level 1 in Invocations
  7483 | D:5      | Learned a level 4 spell: Summon Ice Beast
  7564 | D:5      | Found an ancient bone altar of Kikubaaqudgha.
  7667 | D:5      | Noticed Menkaure
  7677 | D:5      | Killed Menkaure
  7869 | D:5      | Got a masterwork hunting sling
  7940 | D:5      | Identified the +8 hunting sling of the Shrike {freeze,
                  | rPois Str+4} (You found it on level 5 of the Dungeon)
  7984 | D:5      | Reached skill level 5 in Polearms
  8066 | D:5      | Found Ziwkakiw's Antique Weapon Boutique.
  8070 | D:5      | Found a basalt altar of Yredelemnul.
  8070 | D:5      | Found a burning altar of Makhleb.
  8128 | D:5      | Noticed Blork the orc
  8139 | D:5      | Killed Blork the orc
  8238 | D:5      | Found a white marble altar of Elyvilon.
  8252 | D:5      | Noticed Ijyb
  8263 | D:5      | Killed Ijyb
  8348 | D:5      | Found a glowing golden altar of the Shining One.
  9106 | D:6      | Reached skill level 5 in Fighting
  9120 | D:6      | Reached * piety under Sif Muna
  9268 | D:6      | Reached skill level 5 in Spellcasting
  9268 | D:6      | Reached XP level 9. HP: 49/68 MP: 16/16
  9278 | D:6      | Reached skill level 6 in Polearms
  9285 | D:6      | Reached skill level 1 in Ice Magic
  9582 | D:6      | Found an iron altar of Okawaru.
  9635 | D:6      | Killed an unseen horror
  9900 | D:6      | Found Voasti Xisk's Magic Scroll Shoppe.
  9911 | D:6      | Bought a scroll of identify for 22 gold pieces
  9911 | D:6      | Bought a scroll of identify for 22 gold pieces
  9911 | D:6      | Bought a scroll of teleportation for 33 gold pieces
  9916 | D:6      | Bought a scroll of identify for 22 gold pieces
 10420 | D:7      | Reached skill level 7 in Polearms
 10697 | D:7      | Reached ** piety under Sif Muna
 10832 | D:7      | Found an ornate altar of the Wu Jian Council.
 11285 | D:8      | Found a hide-covered altar of Uskayaw.
 11285 | D:8      | Noticed a +0 dagger
 11285 | D:8      | Noticed a +0 dagger
 11711 | D:8      | Noticed Pikel
 11739 | D:8      | Noticed Grum
 11876 | D:8      | Reached XP level 10. HP: 76/76 MP: 18/18
 11925 | D:8      | Got a translucent ring mail
 12343 | D:8      | Killed Grum
 12371 | D:8      | Reached skill level 8 in Polearms
 12822 | D:8      | Reached skill level 5 in Invocations
 13010 | D:8      | Found a sparkling altar of Nemelex Xobeh.
 13206 | D:9      | Reached *** piety under Sif Muna
 13443 | D:9      | Noticed Prince Ribbit
 13986 | D:8      | Found a sparkling altar of Nemelex Xobeh.
 14102 | D:8      | Found a hide-covered altar of Uskayaw.
 14428 | D:8      | Killed Pikel
 14548 | D:9      | Reached skill level 5 in Ice Magic
 14651 | D:9      | Killed Prince Ribbit
 15120 | D:9      | Identified the +1 ring mail of the Vanishing Brambles
                  | {*Drain rPois rC+} (You found it on level 8 of the Dungeon)
 15127 | D:10     | Entered Level 10 of the Dungeon
 15478 | D:10     | Found a staircase to the Orcish Mines.
 15549 | D:10     | Noticed a death yak
 15602 | D:10     | Reached skill level 9 in Polearms
 15653 | D:10     | Noticed Maggie
 15661 | D:10     | Killed Maggie
 15997 | D:10     | Noticed a death yak
 16040 | D:10     | Killed a death yak
 16236 | D:10     | Noticed a death yak
 16256 | D:10     | Noticed a death yak
 16258 | D:10     | Noticed a death yak
 16286 | D:10     | Killed a death yak
 16286 | D:10     | Reached XP level 11. HP: 83/83 MP: 6/20
 16325 | D:10     | Noticed a death yak
 16325 | D:10     | Noticed a death yak
 16345 | D:10     | Noticed a death yak
 16347 | D:10     | Noticed a death yak
 16361 | D:10     | Killed a death yak
 16386 | D:10     | Noticed Josephine
 16496 | D:10     | Killed a death yak
 16496 | D:10     | Reached skill level 10 in Polearms
 16517 | D:10     | Killed a death yak
 16542 | D:9      | Killed a death yak
 16752 | D:10     | Killed a death yak
 16761 | D:10     | Killed a death yak
 16886 | D:9      | Killed a death yak
 17599 | D:10     | Found a staircase to the Lair.
 17624 | D:10     | Killed Josephine
 17624 | D:10     | Reached skill level 11 in Polearms
 18745 | D:11     | Noticed a two-headed ogre
 18751 | D:11     | Killed a two-headed ogre
 19090 | D:11     | Noticed Fannar
 19127 | D:11     | Killed Fannar
 19127 | D:11     | Reached XP level 12. HP: 78/89 MP: 15/21
 19158 | D:11     | Reached **** piety under Sif Muna
 19284 | D:11     | Noticed an eight-headed hydra
 19290 | D:11     | Killed an eight-headed hydra
 19382 | D:11     | Noticed a two-headed ogre
 19396 | D:11     | Killed a two-headed ogre
 19523 | D:11     | Found a transporter.
 19523 | D:11     | Noticed an ettin
 19589 | D:11     | Noticed hemabe71's ghost (journeyman HuAr)
 19633 | D:11     | Found a transporter.
 19937 | Lair:1   | Entered Level 1 of the Lair of Beasts
 20287 | Lair:1   | Reached skill level 12 in Polearms
 21481 | Lair:2   | Noticed a four-headed hydra
 21954 | Lair:2   | Killed a four-headed hydra
 21954 | Lair:2   | Reached skill level 10 in Summonings
 21959 | Lair:2   | Reached skill level 10 in Invocations
 22761 | Lair:2   | Noticed a four-headed hydra
 22769 | Lair:2   | Killed a four-headed hydra
 22769 | Lair:2   | Reached skill level 13 in Polearms
 22931 | Lair:2   | Found a hole to the Spider Nest.
 24023 | Lair:3   | Reached XP level 13. HP: 93/95 MP: 10/24
 24028 | Lair:3   | Reached ***** piety under Sif Muna
 24880 | Lair:4   | Found a staircase to the Swamp.
 26343 | Lair:5   | Identified Sif Muna's Guide on Congealing Darkness (Sif
                  | Muna gifted it to you on level 5 of the Lair of Beasts)
 26343 | Lair:5   | Received a gift from Sif Muna
 26503 | Lair:5   | Found a staircase to the Slime Pits.
 26515 | Lair:5   | Reached skill level 14 in Polearms
 27647 | Lair:6   | Entered Level 6 of the Lair of Beasts
 28996 | Lair:6   | Reached skill level 1 in Shields
 31033 | Lair:6   | Found a large runed translucent door.
 31033 | Lair:6   | Found a large runed translucent door.
 31049 | Lair:6   | Reached skill level 10 in Dodging
 31212 | Lair:6   | Noticed a fire dragon
 31346 | Lair:6   | Killed from afar by a fire dragon

Illustrated notes

Levels and vault maps discovered:
D:1:      scummos_arrival_forest, layout_basic
D:2:      layout_basic, serial_forest, infiniplex_forest_lined_room_3,
          infiniplex_forest_end_3, infiniplex_forest_zigzag_1,
          infiniplex_forest_lined_ring, infiniplex_forest_lined_room_3
D:3:      layout_basic
D:4:      layout_rooms, minmay_temple_entry_hall, gammafunk_ghost_necromancy,
          enter_ossuary_2, uniq_grinder
D:5:      layout_gridville, kiku_gazebo_pond_becter, tso_altar,
          kennysheep_little_box, chequers_temple_overflow_statue_of_worship,
          serial_shops, shop, uniq_ijyb, uniq_menkaure, uniq_blork_the_orc,
          uniq_sigmund
D:6:      layout_rooms, okawaru_gym_becter, serial_shops, shop_coins
D:7:      minmay_chambers_of_sixes, layout_basic, lemuel_round_altar
D:8:      layout_basic, dancing_weapons_uskayaw, nemelex_altar_shiori,
          uniq_pikel, uniq_grum
D:9:      layout_small_grid, minmay_misc_feat_enclosed, uniq_prince_ribbit1
D:10:     layout_layer_cave, dpeg_lair_monsters, orc_0_dummy, minivault_16,
          uniq_maggie, uniq_josephine
D:11:     layout_roguey, gammafunk_ghost_arena, uniq_fannar
Temple:   nicolae_temple_great_sept
Lair:1:   layout_regular_city, serial_bayou_shore_a
Lair:2:   layout_cave_shapes, nicolae_spider_entry_orb_guardian
Lair:3:   layout_gridlike
Lair:4:   minmay_lair_oklob_tunnel, layout_small_grid, minmay_swamp_entry_worms,
          patterned_corridor, infiniplex_staircase_pool_2
Lair:5:   layout_gridlike, nicolae_slime_entry_slimehenge, serial_bayou,
          serial_bayou_pond_b, serial_bayou_lagoon_a, serial_bayou_lake_a,
          serial_bayou_shore_b, kennysheep_rathole
Lair:6:   cheibrodos_lair_end_hotspot, layout_hall_layers, st_stairs_11

Skill      XL: |  1  2  3  4  5  6  7  8  9 10 11 12 13 |
---------------+----------------------------------------+-----
Dodging        | 3 4 5 7 8 10 | 10.0
Fighting       | 1 2 3 4 5 6 7 |  7.1
Polearms       | 1 3 4 5 7 9 11 13 14 | 14.0
Spellcasting   | 3 4 5 6 7 9 |  9.0
Summonings     | 5 6 7 8 10 | 10.0
Invocations    | 2 4 6 9 10 11 | 11.7
Ice Magic      | 3 6 7 8 |  8.0
Shields        | 2 |  2.8
Stealth        | |  2.1

Action                   |  1- 3 |  4- 6 |  7- 9 | 10-12 | 13-15 || total
-------------------------+-------+-------+-------+-------+-------++-------
Melee: Unarmed           |    82 |       |       |       |       ||    82
       Whip              |    24 |    44 |       |       |       ||    68
       Halberd           |       |   109 |   381 |     6 |       ||   496
       Trident           |       |       |       |   737 |   374 ||  1111
 Fire: Hunting sling     |       |       |     5 |       |       ||     5
Throw: Javelin           |     1 |       |       |       |       ||     1
       Stone             |     1 |       |       |       |       ||     1
 Cast: Summon Small Mamm |    42 |     9 |       |       |       ||    51
       Call Imp          |     7 |    59 |    43 |    58 |       ||   167
       Call Canine Famil |       |     1 |    53 |    41 |       ||    95
       Summon Ice Beast  |       |       |       |   219 |   218 ||   437
Evoke: Wand              |       |       |       |     4 |       ||     4
  Use: Scroll            |     1 |     5 |    13 |    12 |     5 ||    36
       Potion            |     1 |       |     2 |       |     1 ||     4
 Stab: Distracted        |     2 |     2 |     7 |    17 |    10 ||    38
       Sleeping          |     1 |     3 |     7 |     3 |       ||    14
Armor: Robe              |    36 |    24 |    52 |    15 |       ||   127
       Skin              |       |       |    10 |       |       ||    10
       Steam dragon scal |       |       |       |    47 |    31 ||    78
Dodge: Dodged            |   112 |   120 |   220 |   421 |   163 ||  1036

Table legend: (Time is in decaauts)
 A = Elapsed time spent in this place.
 B = Non-inter-level travel time spent in this place.
 C = Inter-level travel time spent in this place.
 D = Time resting spent in this place.
 E = Time spent auto-exploring this place.
 F = Levels seen in this place.
 G = Mean time per level.
                   A        B        C        D        E       F      G
               +--------+--------+--------+--------+--------+-----+--------+
         Total |  31131 |  30012 |   1119 |  10608 |  11754 |  19 | 1638.5 |
       Dungeon |  19010 |  18246 |    764 |   6001 |   6837 |  11 | 1728.2 |
        Temple |    128 |    128 |      0 |      0 |     72 |   1 |  128.0 |
          Lair |  11136 |  10781 |    355 |   4037 |   4844 |   6 | 1856.0 |
       Ossuary |    855 |    855 |      0 |    570 |      0 |   1 |  855.0 |
               +--------+--------+--------+--------+--------+-----+--------+

Top non-repeatable levels by time:
  Lair:6: 3299 daAuts
     D:8: 2760 daAuts
     D:9: 2758 daAuts
     D:2: 2314 daAuts
  Lair:1: 1959 daAuts
    D:10: 1947 daAuts
  Lair:4: 1880 daAuts
     D:1: 1660 daAuts
  Lair:5: 1639 daAuts
     D:5: 1617 daAuts
     D:3: 1567 daAuts
     D:6: 1492 daAuts
  Lair:2: 1326 daAuts
    D:11: 1120 daAuts
  Lair:3: 1031 daAuts
